Map: Dusk Towers

Players

Jade

  • Race: Protoss Protoss
  • League: Master

Miszu - Winner!

  • Race: Terran Terran
  • League: Grandmaster

VOD

Have the link to the VOD?

Description

Time

  • Played on: Feb. 21, 2016, 12:21 p.m.
  • Length: 3:35
Show
View Real Time Build Order
Export as new Build Order

Jade Protoss 

Build Orders: 1 Gate Expand 

Get SALT Encoding   

  12  0:01  Probe (Chrono Boost)  
  13  0:12  Probe (Chrono Boost)  
  14  0:19  Pylon  
  14  0:23  Probe (Chrono Boost)  
  15  0:37  Probe (Chrono Boost)  
  15  0:38  Gateway  
  16  0:47  Assimilator  
  16  0:48  Probe (Chrono Boost)  
  17  0:58  Probe (Chrono Boost)  
  18  1:13  Probe (Chrono Boost)  
  19  1:23  Nexus  
  20  1:25  Probe (Chrono Boost)  
  20  1:32  Zealot (Chrono Boost)  
  22  1:39  Cybernetics Core, Gateway  
  22  1:43  Pylon, Probe  
  23  1:54  Pylon  
  23  2:01  Probe  
  23  2:06  Zealot (Chrono Boost)  
  26  2:15  Mothership Core  
  28  2:20  Pylon  
  28  2:30  Zealot (Chrono Boost)  
  28  2:36  Probe  
  26  2:51  Adept (Chrono Boost)  
  28  3:04  Adept (Chrono Boost)  
Show
View Real Time Build Order
Export as new Build Order

Miszu Terran - Winner!

Build Orders:  

Get SALT Encoding   

  12  0:00  SCV  
  13  0:13  SCV  
  14  0:18  Supply Depot  
  14  0:25  SCV  
  15  0:40  Barracks  
  15  0:52  Barracks  
  15  1:05  Barracks  
  15  1:26  Marine  
  15  1:28  Barracks  
  16  1:38  Marine  
  17  1:41  Supply Depot  
  17  1:46  Marine  
  18  1:52  Marine  
  19  1:56  Marine  
  20  2:04  Marine  
  21  2:10  Marine  
  21  2:14  Marine  
  23  2:20  Marine  
  23  2:22  Marine  
  24  2:28  Marine  
  25  2:32  Marine  
  26  2:37  Marine  
  26  2:40  Marine  
  28  2:46  Marine  
  28  2:50  Marine  
  30  2:53  Supply Depot  
  30  2:55  Marine  
  31  3:00  Marine  
  31  3:14  Marine x3  
Tags
 
Add a new tag
Caveats
  • Supply blocks, unpowered buildings, or Contaminate may cause inaccurate times.
  • Supply counts are checked every 10 seconds.